 Dungeon Crawl Stone Soup version 0.31-a0-167-g1c394c0614 (webtiles) character file.

Game seed: 17727823612807499067

93 qw the Shooter (level 4, -2/28 HPs)
             Began as a Gargoyle Hunter on June 14, 2023.
             Killed by nerve-wracking pain
             ... invoked by Jessica
              (7 damage)
             ... on level 2 of the Dungeon.
             The game lasted 00:00:31 (1342 turns).

qw the Shooter (Gargoyle Hunter)                    Turns: 1342, Time: 00:00:32

Health: -2/28      AC:  9    Str: 15    XL:     4   Next: 62%
Magic:  4/4        EV: 11    Int:  9    God:
Gold:   60         SH:  0    Dex: 15    Spells: 3/3 levels left

rFire   . . .        Y - +0 shortbow
rCold   + . .        (shield currently unavailable)
rNeg    + . .        c - +0 leather armour
rPois   inf          d - +2 helmet
rElec   +            (no cloak)
rCorr   .            (no gloves)
SInv    .            (no boots)
Will    .....        (no amulet)
Stlth   ++           e - ring of protection from cold
HPRegen 0.24/turn    (no ring)
MPRegen 0.09/turn

%: no passive effects
@: no status effects
A: sickness immunity, AC +3, negative energy resistance 1, electricity
resistance, torment resistance 1, petrification resistance
a: no special abilities


You were on level 2 of the Dungeon.
You visited 1 branch of the dungeon, and saw 2 of its levels.

You collected 60 gold pieces.


Innate Abilities, Weirdness & Mutations

You are immune to sickness and miasma.
Your stone body is resilient. (AC +3)
You are immune to poison.
You resist negative energy. (rN+)
You are resistant to electric shocks. (rElec)
You are resistant to unholy torment.
You are immune to petrification.


   Skills:
 - Level 3.0 Fighting
 + Level 5.5 Ranged Weapons
 - Level 1.5 Dodging
 - Level 1.1 Stealth


You had 3 spell levels left.
You didn't know any spells.
Your spell library was empty.

Inventory:

Hand Weapons
 Y - a +0 shortbow (weapon)
Armour
 c - a +0 leather armour (worn)
 d - a +2 helmet (worn)
Jewellery
 e - a ring of protection from cold (left hand)
Scrolls
 a - a scroll of identify
Potions
 g - a potion of mutation

Dungeon Overview and Level Annotations

Branches:
Dungeon (2/15)

Altars:

Annotations:
D:2 Jessica


Message History

You shoot an arrow. The arrow barely misses Terence.
The arrow closely misses the rat.
Jessica mumbles something strange.
The hobgoblin hits you but does no damage.
Terence closely misses you.
You shoot an arrow.
The arrow hits Terence but does no damage.
Terence is almost dead.
Terence barely misses you. The hobgoblin closely misses you.
You shoot an arrow.
The arrow hits Terence but does no damage.
Terence is almost dead.
Terence hits you with a +0 flail.
The hobgoblin hits you but does no damage.
The hobgoblin closely misses you. Terence closely misses you.
You shoot an arrow. The arrow hits Terence.
You kill Terence!
The hobgoblin hits you but does no damage.
Jessica casts a spell.
Jessica blinks!
You shoot an arrow. The arrow hits the hobgoblin.
The hobgoblin is moderately wounded.
The rat misses you. The hobgoblin hits you.
You shoot an arrow. The arrow hits the hobgoblin!
You kill the hobgoblin!
The rat bites you but does no damage.
You shoot an arrow. The arrow barely misses the rat.
The rat closely misses you.
You shoot an arrow. The arrow hits the rat!
You kill the rat!
You shoot an arrow.
The arrow hits Jessica but does no damage.
You shoot an arrow. The arrow barely misses Jessica.
The rat barely misses you. Jessica hits you with a +0 club.
You shoot an arrow. The arrow hits Jessica.
Jessica is moderately wounded.
The rat bites you but does no damage.
Jessica points at you and mumbles some strange words.
Pain shoots through your body!
You die...

...... ##..... .....# .####
....#####.....
...##.......# #.%##.......#
#r@##.......# #.@##......>#
#...........# #...........#
#..##.......# ###+##+##
#..##.......# ........#
#..####.....# ........#
#..# #.#.#.#
........#######..####.#.#.#
........................#.#


You could see Jessica and a rat.

Vanquished Creatures
  Terence (D:2)
  Robin (D:2)
  An adder (D:2)
  A worm (D:2)
  A dart slug (D:2)
  4 bats (D:1)
  3 endoplasms
  2 hobgoblins (D:2)
  5 jackals
  A kobold (D:1)
  4 quokkas
  3 ball pythons (D:1)
  A frilled lizard (D:1)
  9 goblins (D:2)
  A rat (D:2)
38 creatures vanquished.

Notes
Turn   | Place    | Note
-------+----------+-------------------------------------------
     0 | D:1      | qw the Gargoyle Hunter began the quest for the Orb.
     0 | D:1      | Reached XP level 1. HP: 12/12 MP: 1/1
     0 | D:1      | 0 ||| qw: Version: 0.2-a-29-g1fa15c8
     0 | D:1      | 0 ||| qw: Game counter: 5106
     0 | D:1      | 0 ||| qw: Always use a shield: true
     0 | D:1      | 0 ||| qw: God list: Okawaru
     0 | D:1      | 0 ||| qw: Allow faded altars: false
     0 | D:1      | 0 ||| qw: Do Orc after D:15 true
     0 | D:1      | 0 ||| qw: Do second Lair branch before Depths: true
     0 | D:1      | 0 ||| qw: Lair rune preference: random
     0 | D:1      | 0 ||| qw: Plans: Normal, Zot:1-4, Slime:5, God:TSO, Crypt,
                  | Tomb, Abyss, Pan, Hells, Win
     0 | D:1      | 0 ||| PLANNING D:1-11
   562 | D:1      | Reached XP level 2. HP: 17/17 MP: 2/2
  1005 | D:1      | 1005 ||| UPGRADING to +2 helmet.
  1010 | D:1      | 1010 ||| UPGRADING to ring of protection from cold.
  1011 | D:1      | 1011 ||| READING 3 scrolls labelled ODEVEF HISK.
  1012 | D:1      | 1012 ||| READING scroll labelled QIL BEUMYNEE.
  1013 | D:1      | 1013 ||| READING scroll labelled MIUCSI GAIBBAGH.
  1014 | D:1      | 1014 ||| READING 2 scrolls of identify.
  1014 | D:1      | 1014 ||| IDENTIFYING viscous yellow potion
  1015 | D:1      | 1015 ||| DROPPING scroll of butterflies.
  1049 | D:2      | Noticed Robin
  1050 | D:2      | 1050 ||| Stepping ~*~*~tactically~*~*~ (outnumbered).
  1058 | D:2      | Killed Robin
  1059 | D:2      | Reached skill level 5 in Ranged Weapons
  1059 | D:2      | Reached XP level 3. HP: 21/21 MP: 3/3
  1094 | D:2      | HP: 4/22 [goblin/+0 club[Robin] (3)]
  1095 | D:2      | Reached skill level 3 in Fighting
  1237 | D:2      | Reached XP level 4. HP: 27/28 MP: 4/4
  1318 | D:2      | Noticed Terence
  1330 | D:2      | Noticed Jessica
  1335 | D:2      | Killed Terence
  1336 | D:2      | HP: 5/28 [hobgoblin (3)]
  1341 | D:2      | HP: 5/28 [Jessica/+0 club (2)]
  1342 | D:2      | Killed from afar by Jessica

Levels and vault maps discovered:
D:1:      matt_arrival_grand_opening, layout_basic
D:2:      layout_basic, uniq_jessica, uniq_robin, uniq_terence

Skill      XL: |  1  2  3 |
---------------+----------+-----
Ranged Weapons | 5 |  5.5
Fighting       | 3 |  3.0
Dodging        | |  1.5
Stealth        | |  1.1

Action                     |  1- 3 |  4- 6 || total
---------------------------+-------+-------++-------
   Fire: Shortbow          |   110 |    44 ||   154
    Use: Scroll            |     4 |       ||     4
 Armour: Leather armour    |    54 |     7 ||    61
  Dodge: Dodged            |    52 |    20 ||    72

Table legend:
 A = Non-vault XP
 B = Vault XP
 C = Vault XP percentage of total XP
 D = Non-vault monster count
 E = Vault monster count
 F = Vault count percentage of total count
                 A         B        C        D         E       F
            +---------+---------+-------+---------+---------+-------
      Total |      66 |      68 |  50.7 |      27 |      11 |  28.9
            +---------+---------+-------+---------+---------+-------
        D:1 |      29 |       0 |   0.0 |      16 |       0 |   0.0
        D:2 |      37 |      68 |  64.8 |      11 |      11 |  50.0
            +---------+---------+-------+---------+---------+-------
